 Dungeon Crawl Stone Soup version 0.26.0-10-g1f06aea511 (webtiles) character file.

Game seed: 5245817773696436735

79 Borgoz the Ducker (level 4, -2/38 HPs)
             Began as a Ghoul Gladiator on Jan 15, 2021.
             Slain by an orc
             ... wielding a +0 flail
              (7 damage)
             ... on level 3 of the Dungeon.
             The game lasted 00:02:05 (1918 turns).

Borgoz the Ducker (Ghoul Gladiator)                 Turns: 1918, Time: 00:02:05

Health: -2/38      AC:  4    Str: 17    XL:     4   Next: 38%
Magic:  3/3        EV: 12    Int:  3    God:
Gold:   84         SH:  0    Dex: 11    Spells: 3/3 levels left

rFire    . . .     SeeInvis .   a - +0 long sword
rCold    + . .     Faith    .   (no shield)
rNeg     + + +     Spirit   .   b - +0 leather armour
rPois    ∞         Reflect  .   c - +0 helmet
rElec    .         Harm     .   (no cloak)
rCorr    .         Rampage  .   (no gloves)
Will     .....                  (no boots)
Stlth    +.........             (no amulet)
HPRegen  0.00/turn              (no ring)
MPRegen  0.08/turn              (no ring)

@: no status effects
A: claws 1, cold resistance 1, negative energy resistance 3, inhibited
regeneration, torment resistance, unbreathing
a: no special abilities


You were on level 3 of the Dungeon.
You visited 1 branch of the dungeon, and saw 3 of its levels.

You collected 84 gold pieces.

Inventory:

Hand Weapons
 a - a +0 long sword (weapon)
Missiles
 d - 3 throwing nets (quivered)
Armour
 b - a +0 leather armour (worn)
 c - a +0 helmet (worn)
Jewellery
 i - an uncursed amulet of regeneration {unknown}
 k - an uncursed ring of protection from fire {unknown}
Scrolls
 e - 2 scrolls of identify {unknown}
 f - 2 scrolls of teleportation {unknown}
 h - 2 scrolls of enchant armour {unknown}
Potions
 g - a potion of berserk rage {unknown}
 j - a potion of ambrosia {unknown}
 l - a potion of mutation {unknown}


   Skills:
 + Level 3.1 Fighting
 + Level 3.2 Long Blades
 - Level 1.7 Throwing
 + Level 1.4 Armour
 + Level 3.2 Dodging


You had 3 spell levels left.
You didn't know any spells.
Your spell library was empty.

Dungeon Overview and Level Annotations

Branches:
Dungeon (3/15)

Altars:
Okawaru


Innate Abilities, Weirdness & Mutations

You thrive by killing the living.
You are immune to poison.
You have sharp fingernails.
Your flesh is cold resistant. (rC+)
You are immune to negative energy. (rN+++)
You do not regenerate when monsters are visible.
You are immune to unholy pain and torment.
You can survive without breathing.


Message History

You are too injured to fight recklessly!
Your leather armour prevents you from hitting the orc wizard.
The orc wizard is moderately wounded.
The orc closely misses you.
You riposte.
You barely miss the orc.
The orc is severely wounded.
The orc wizard gestures at you while chanting.
The puff of flame hits you.
The orc wizard hits you but does no damage.
The orc hits you but does no damage. The orc hits you with a +0 flail!
* * * LOW HITPOINT WARNING * * *
The hobgoblin hits you.
* * * LOW HITPOINT WARNING * * *
The orc wizard hits you with a +0 dagger.
* * * LOW HITPOINT WARNING * * *
The orc closely misses you.
You see here a +0 leather armour.
You hit the orc.
The orc is almost dead.
The orc hits you with a +0 flail!
You die...

... ... ..# ##.# .
#..# ..
#.####..######....
.......g#.........
......o@o?###....
......oo........
.........#.#.#.
#.........<..#
.........#.#.#
##.......### #
#####..## #..#
#$.#


You could see 2 orc wizards, 2 orcs and a hobgoblin.

Vanquished Creatures
  3 adders (D:2)
  A worm (D:2)
  A dart slug (D:2)
  2 leopard geckos
  An orc (D:3)
  7 ball pythons (D:2)
  2 giant cockroaches
  6 goblins
  2 hobgoblins (D:1)
  9 bats
  5 frilled lizards
  6 kobolds
  4 rats
49 creatures vanquished.

Vanquished Creatures (others)
  4 plants (D:2)
4 creatures vanquished.

Grand Total: 53 creatures vanquished

Notes
Turn   | Place    | Note
-------+----------+-------------------------------------------
     0 | D:1      | Borgoz the Ghoul Gladiator began the quest for the Orb.
     0 | D:1      | Reached XP level 1. HP: 17/17 MP: 0/0
   102 | D:1      | You fall into a shaft and drop 1 floor!
   122 | D:2      | Reached XP level 2. HP: 17/25 MP: 1/1
   413 | D:2      | Reached XP level 3. HP: 30/30 MP: 2/2
   417 | D:2      | Reached skill level 1 in Armour
   787 | D:1      | Found an iron altar of Okawaru.
   891 | D:1      | Reached XP level 4. HP: 34/37 MP: 3/3
  1918 | D:3      | Slain by an orc

Illustrated notes

Levels and vault maps discovered:
D:1:      dpeg_arrival_rooms_b, layout_loops_ring, chequers_serial_rivers_marsh,
          serial_park_tiny_1, okawaru_ov_weapons_minmay
D:2:      layout_loops_cross, chequers_arboretum, minmay_shallow_snake_nest
D:3:      layout_basic, tso_oasis_becter

Skill      XL: |  1  2  3  4 |
---------------+-------------+-----
Long Blades    | 3 |  3.2
Dodging        | 3 |  3.2
Armour         | 1 |  1.4
Fighting       | 3 |  3.1
Throwing       | |  1.7

Action                   |  1- 3 |  4- 6 || total
-------------------------+-------+-------++-------
Melee: Long sword        |    86 |    34 ||   120
 Stab: Sleeping          |       |     1 ||     1
Armor: Leather armour    |    34 |    11 ||    45
Dodge: Dodged            |    74 |    29 ||   103
       Rpst.: Long sword |    21 |    11 ||    32
